 Dungeon Crawl Stone Soup version 0.29.1-2-gbd0b4ee654 (console) character file.

Game seed: 7736783086269312187

27082 aitbits the Envoy of Void (level 13, -6/106 HPs)
             Began as a Demonspawn Abyssal Knight on Nov 22, 2022.
             Was a High Priest of Lugonu.
             Killed by divine providence
             ... invoked by a meliai
              (11 damage)
             ... on level 14 of the Dungeon on Nov 23, 2022.
             The game lasted 01:44:00 (16516 turns).

aitbits the Envoy of Void (DsAK)                   Turns: 16516, Time: 01:44:00

Health: -6/106     AC: 26    Str: 17    XL:     13   Next: 2%
Magic:  0/22       EV: 15    Int: 11    God:    Lugonu [*****.]
Gold:   1590       SH: 19    Dex: 20    Spells: 12/12 levels left

rFire   . . .      SeeInvis .   A - +7 Throatcutter {drain, coup de grace}
rCold   + + .      Faith    .   P - +1 tower shield {AC+3}
rNeg    . . .      Spirit   +   q - +2 ring mail of the Eternal Void {rC++ Dex+4}
rPois   +          Reflect  .   (no helmet)
rElec   +          Harm     .   T - +2 cloak {Will+}
rCorr   .          Rampage  .   J - +2 pair of gloves
Will    +....                   e - +2 pair of boots {Stlth+}
Stlth   ++........              v - amulet of guardian spirit
HPRegen 0.27/turn               E - ring of poison resistance
MPRegen 0.18/turn               l - +4 ring of evasion

@: no status effects
A: thin metallic scales 3, condensation shield, demonic magic 1, weakness
stinger 1
a: Renounce Religion, Depart the Abyss, Bend Space, Banish, Corrupt, Enter the
Abyss


You were on level 14 of the Dungeon.
You worshipped Lugonu.
Lugonu was extremely pleased with you.
You visited 1 branch of the dungeon, and saw 14 of its levels.
You visited the Abyss 3 times.

You collected 1915 gold pieces.
You spent 325 gold pieces at shops.

Inventory:

Hand Weapons
 t - the +5 quarterstaff of Internal Strife {vorpal, +Blink}
   (You found it on level 3 of the Dungeon)

   It inflicts extra damage upon your enemies.
   +Blink:    It lets you blink.
 A - the +7 Throatcutter (weapon) {drain, coup de grace}
   (You found it on level 5 of the Dungeon)

   A truly terrible weapon, it drains the life of any living foe it strikes.
   It may instantly kill foes which have little health.
Armour
 e - a +2 pair of boots of stealth (worn)
 q - the +2 ring mail of the Eternal Void (worn) {rC++ Dex+4}
   (You found it on level 2 of the Dungeon)

   Dex:       It affects your dexterity (+4).
   rC:        It greatly protects you from cold.
 J - a +2 pair of gloves (worn)
 P - a +1 tower shield of protection (worn)
 T - a +2 cloak of willpower (worn)
 Z - +0 acid dragon scales
Magical Staves
 m - a staff of cold
 M - a staff of air
Jewellery
 c - a ring of resist corrosion
 l - a +4 ring of evasion (right hand)
 r - a ring of positive energy
 s - a ring of positive energy
 v - an amulet of guardian spirit (around neck)
 E - a ring of poison resistance (left hand)
 U - an amulet of the acrobat
Wands
 y - a wand of mindburst (40)
 C - a wand of flame (63) (quivered)
 H - a wand of acid (12)
 K - a wand of digging (7)
 W - a wand of roots (7)
Scrolls
 d - a scroll of brand weapon
 h - 7 scrolls of teleportation
 B - a scroll of silence
 F - a scroll of summoning
 I - 4 scrolls of poison
 L - 2 scrolls of blinking
 R - 3 scrolls of enchant weapon
 X - a scroll of immolation
 Y - a scroll of butterflies
Potions
 a - a potion of mutation {unknown}
 f - 4 potions of brilliance
 g - 2 potions of might
 k - 3 potions of resistance
 n - 2 potions of cancellation
 p - 2 potions of invisibility
 w - 6 potions of curing
 x - 3 potions of lignification
 z - a potion of degeneration
 D - a potion of attraction {unknown}
 G - 4 potions of flight
 N - a potion of berserk rage
 O - a potion of heal wounds
 Q - 2 potions of haste
Miscellaneous
 b - a lightning rod (4/4)
 S - a phantom mirror


   Skills:
 * Level 11.3 Fighting
 - Level 4.6(7.3) Short Blades
 * Level 9.0(9.5) Long Blades
 * Level 8.6 Armour
 + Level 7.6 Dodging
 + Level 3.2 Shields
 + Level 13.3 Invocations


You had 12 spell levels left.
You didn't know any spells.
Your spell library contained the following spells:

 Spells                   Type           Power      Damage    Failure   Level
 Magic Dart               Conj           0%         1d3       100%        1
 Call Imp                 Summ           0%         N/A       100%        2
 Dazzling Flash           Conj/Hex       0%         N/A       100%        3
 Frozen Ramparts          Ice            0%         1d1       100%        3
 Mephitic Cloud           Conj/Pois/Air  0%         N/A       100%        3
 Stone Arrow              Conj/Erth      0%         3d7       100%        3
 Animate Armour           Summ/Erth      0%         N/A       100%        4
 Ice Form                 Ice/Tmut       0%         N/A       100%        4
 Iskenderun's Mystic Bla  Conj/Tloc      0%         2d3       100%        4
 Summon Ice Beast         Ice/Summ       0%         N/A       100%        4
 Starburst                Conj/Fire      0%         6d3       100%        6
 Lehudib's Crystal Spear  Conj/Erth      0%         10d2      100%        8


Dungeon Overview and Level Annotations

Branches:
Dungeon (14/15)            Temple (0/1) D:4            Lair (0/5) D:10
    Orc (0/2) D:11         Vaults (0/5) D:13

Altars:
Okawaru
Sif Muna
Wu Jian
Xom

Shops:
D:1 *   D:4 *   D:7 =   D:9 *

Annotations:
Abyss:1 CryoSword's ghost, novice TrNe; GorkyZ's ghost, amateur FoFi; Jessica


Innate Abilities, Weirdness & Mutations

You are completely covered in thin metallic scales. (AC +4, rElec)
A meltable shield of frost defends you. (SH +4)
Spells you cast may paralyse adjacent enemies.
You have a small tail.


Message History

Lugonu accepts your kill. The meliai hits you with a +0 hand axe.
You block the meliai's attack.
You have reached level 13!
You slash the meliai!
You kill the meliai!
Lugonu accepts your kill.
The centaur shoots an arrow.
You block the arrow.
The centaur shoots an arrow.
The arrow closely misses you.
The centaur shoots an arrow.
The arrow hits you but does no damage.
The centaur shoots an arrow.
You block the arrow.
Your Long Blades skill increases to level 9!
The centaur shoots an arrow.
The arrow hits you but does no damage.
The centaur shoots an arrow.
You block the arrow.
The centaur shoots an arrow.
The arrow barely misses you.
The centaur shoots an arrow.
The arrow hits you.
* * * LOW HITPOINT WARNING * * *
The centaur unwields a +0 shortbow.
You block the centaur's attack. x2
You slice the centaur!!
The centaur is severely wounded.
The centaur hits you but does no damage.
You block the centaur's attack. x2
The centaur kicks you but does no damage.
You slash the centaur!
You kill the centaur!
Lugonu accepts your kill.
The meliai mumbles some strange prayers to its god against you.
Something smites you!
* * * LOW HITPOINT WARNING * * *
The meliai hits you with a +0 hand axe.
* * * LOW HITPOINT WARNING * * *
You block the meliai's attack.
You hit the meliai but do no damage. The meliai hits you with a +0 hand axe!
* * * LOW HITPOINT WARNING * * *
You block the meliai's attack. x2
The meliai stings you but does no damage.
The meliai hits you but does no damage. The meliai misses you.
Space bends violently around you!
You blink.
The meliai buzzes angrily.
The meliai mumbles some strange prayers to its god against you.
Something smites you!
You die...

... ..... #... . .
## #.. .. ... ..
#.##...##...
#.######....##.....
#...ยง)....##..^....
######.c##..)....#
##y..@.)..#
##$$..#..##.
#..........
########...########
#..........#
#.########)# #.# #y#
#.########.##
#....<......#
##########..# #..#


You could see 2 meliai and a centaur.

Vanquished Creatures
  A yaktaur captain (D:13)
  Erolcha (D:11)
  Erica (D:8)
  3 two-headed ogres
  5 centaur warriors
  Lodul (D:13)
  2 cyclopes
  A manticore (D:13)
  2 ugly things
  Joseph (D:7)
  Maurice (D:8)
  Maggie (D:8)
  2 yaktaurs (D:13)
  Psyche (D:10)
  An efreet (D:11)
  5 trolls
  A meliai (D:14)
  4 slime creatures
  Sigmund (D:6)
  A wraith (D:10)
  3 shadows
  3 humans (D:10)
  A wyvern (D:8)
  A human (shapeshifter) (D:13)
  A basilisk (D:11)
  11 yaks
  4 vampire mosquitoes (D:13)
  A steam dragon (D:8)
  Menkaure (D:6)
  3 water moccasins (D:7)
  2 acid dragons
  5 orc warriors
  3 ice beasts
  6 ogres (D:13)
  13 centaurs
  2 wolves (D:10)
  A lemure (D:8)
  A phantom (D:5)
  2 gnoll sergeants (D:9)
  8 kobold brigands
  3 necrophages
  3 scorpions
  2 bullfrogs
  10 killer bees
  6 electric eels
  A howler monkey (D:6)
  10 orc priests
  9 hounds
  A jelly (D:6)
  2 gnoll boudas
  4 iguanas
  13 orc wizards
  8 gnolls
  12 adders
  2 shadow imps
  2 ufetubi
  5 worms
  53 orcs
  6 ball pythons
  8 bats
  6 endoplasms
  5 giant cockroaches
  11 hobgoblins
  6 jackals
  4 quokkas
  2 frilled lizards
  12 goblins
  21 kobolds
  4 rats
339 creatures vanquished.

Vanquished Creatures (others)
  2 orcs (D:8)
  A kobold (D:10)
  3 fungi (D:3)
  32 plants
38 creatures vanquished.

Grand Total: 377 creatures vanquished

Notes
Turn   | Place    | Note
-------+----------+-------------------------------------------
     0 | Abyss:1  | aitbits the Demonspawn Abyssal Knight began the quest for
                  | the Orb.
     0 | Abyss:1  | Reached XP level 1. HP: 18/18 MP: 2/2
     1 | D:1      | Escaped the Abyss
    59 | D:1      | Reached skill level 1 in Dodging
   500 | D:1      | Gained mutation: You are partially covered in thin metallic
                  | scales. (AC +2) [demonic ancestry]
   500 | D:1      | Reached XP level 2. HP: 13/24 MP: 4/4
   931 | D:1      | Found Buybluzo's Assorted Antiques.
  1219 | D:2      | Reached skill level 3 in Invocations
  1230 | D:2      | Reached XP level 3. HP: 23/29 MP: 5/5
  1637 | D:2      | Reached *** piety under Lugonu
  1933 | D:2      | Noticed Jessica
  1940 | D:2      | Banished Jessica
  1941 | D:2      | Reached XP level 4. HP: 29/35 MP: 1/6
  2133 | D:2      | Identified the +2 ring mail of the Eternal Void {rC++
                  | Dex+4}
  2674 | D:3      | Noticed a centaur
  2689 | D:3      | Killed a centaur
  2690 | D:3      | Reached skill level 4 in Invocations
  2690 | D:3      | Gained mutation: You have a small tail. [demonic ancestry]
  2690 | D:3      | Reached XP level 5. HP: 37/42 MP: 6/8
  2729 | D:3      | Identified the +5 quarterstaff of Internal Strife {vorpal,
                  | +Blink}
  3205 | D:3      | Found a runed translucent door.
  3209 | D:3      | Noticed GorkyZ's ghost (amateur FoFi)
  3226 | D:3      | Gained mutation: Spells you cast may paralyse adjacent
                  | enemies. [demonic ancestry]
  3226 | D:3      | Reached XP level 6. HP: 48/48 MP: 9/9
  3240 | D:3      | Banished GorkyZ's ghost
  3383 | D:3      | Found a faded altar of an unknown god.
  3521 | D:3      | Found an iron altar of Okawaru.
  3846 | D:4      | Found Bedupun's General Store.
  3944 | D:4      | Found a shimmering blue altar of Sif Muna.
  4001 | D:4      | Reached XP level 7. HP: 55/55 MP: 10/10
  4012 | D:4      | Reached skill level 5 in Invocations
  4114 | D:4      | Found a staircase to the Ecumenical Temple.
  4253 | D:4      | Reached **** piety under Lugonu
  4570 | D:4      | Found an ornate altar of the Wu Jian Council.
  4705 | D:5      | Entered Level 5 of the Dungeon
  5194 | D:5      | Found a shimmering altar of Xom.
  5239 | D:5      | Reached skill level 5 in Fighting
  5442 | D:5      | Reached XP level 8. HP: 62/62 MP: 12/12
  5759 | D:5      | Reached skill level 6 in Invocations
  6017 | D:5      | Found the +7 Throatcutter {drain, coup de grace}
  6273 | D:6      | Reached skill level 1 in Long Blades
  6285 | D:6      | Noticed Menkaure
  6295 | D:6      | Reached skill level 7 in Invocations
  6300 | D:6      | Killed Menkaure
  6476 | D:6      | Noticed Sigmund
  6490 | D:6      | Reached XP level 9. HP: 58/69 MP: 11/14
  6497 | D:6      | Killed Sigmund
  6663 | D:6      | Reached skill level 5 in Armour
  7122 | D:6      | Reached ***** piety under Lugonu
  7178 | D:6      | Reached skill level 8 in Invocations
  7470 | D:7      | Identified the +1 leather armour of Vilool {Int+4}
  7531 | D:7      | Noticed Joseph
  7540 | D:7      | Killed Joseph
  7541 | D:7      | Reached skill level 5 in Dodging
  7763 | D:7      | Found Itom's Jewellery Boutique.
  7819 | D:7      | Reached skill level 9 in Invocations
  8457 | D:8      | Noticed Maurice
  8503 | D:8      | Gained mutation: You are mostly covered in thin metallic
                  | scales. (AC +3) [demonic ancestry]
  8503 | D:8      | Reached XP level 10. HP: 39/79 MP: 5/16
  8506 | D:8      | Killed Maurice
  8860 | D:8      | Noticed Maggie
  8866 | D:8      | Killed Maggie
  9281 | D:8      | Noticed Pikel
  9289 | D:8      | Banished Pikel
  9327 | D:8      | Identified a scroll of acquirement
  9328 | D:8      | Acquired 689 gold pieces
  9369 | D:8      | Noticed Erica
  9377 | D:8      | Killed Erica
  9378 | D:8      | Reached skill level 5 in Long Blades
  9378 | D:8      | Reached skill level 10 in Invocations
 10239 | D:9      | Found Yjaeneoh's Assorted Antiques.
 10244 | D:9      | Bought a potion of heal wounds for 130 gold pieces
 10244 | D:9      | Bought a runed tower shield for 195 gold pieces
 10437 | D:9      | Found a transporter.
 10441 | D:9      | Noticed a fire dragon
 10441 | D:9      | Noticed CryoSword's ghost (novice TrNe)
 10444 | D:9      | Found a transporter.
 10468 | D:9      | Banished CryoSword's ghost
 10474 | D:9      | Banished a fire dragon
 10475 | D:9      | Reached skill level 11 in Invocations
 10478 | D:9      | Gained mutation: A meltable shield of frost defends you.
                  | (SH +4) [demonic ancestry]
 10478 | D:9      | Reached XP level 11. HP: 60/87 MP: 2/19
 10830 | D:9      | You fall into a shaft and drop 1 floor!
 10830 | D:10     | Entered Level 10 of the Dungeon
 10834 | D:10     | Noticed a two-headed ogre
 10843 | D:10     | Killed a two-headed ogre
 11171 | D:10     | Found a staircase to the Lair.
 11674 | D:10     | Noticed Psyche
 11691 | Abyss:1  | Cast into level 1 of the Abyss (Psyche)
 11692 | D:10     | Escaped the Abyss
 11697 | D:10     | Killed Psyche
 12272 | D:11     | Noticed Erolcha
 12280 | Abyss:2  | Cast into level 2 of the Abyss (Erolcha)
 12281 | D:11     | Escaped the Abyss
 12290 | D:11     | Killed Erolcha
 12291 | D:11     | Reached skill level 12 in Invocations
 12669 | D:11     | Noticed a two-headed ogre
 12676 | D:11     | Killed a two-headed ogre
 12855 | D:11     | Reached skill level 10 in Fighting
 12899 | D:11     | Noticed a two-headed ogre
 12907 | D:11     | Killed a two-headed ogre
 12966 | D:11     | Found a staircase to the Orcish Mines.
 13074 | D:11     | Noticed a red ugly thing
 13084 | D:11     | Killed a red ugly thing
 13198 | D:11     | Reached skill level 1 in Shields
 13198 | D:11     | Gained mutation: You are completely covered in thin
                  | metallic scales. (AC +4, rElec) [demonic ancestry]
 13198 | D:11     | Reached XP level 12. HP: 83/97 MP: 21/21
 14075 | D:12     | Noticed a four-headed hydra
 14076 | D:12     | Banished a four-headed hydra
 15041 | D:13     | Noticed a seven-headed hydra
 15042 | D:13     | Banished a seven-headed hydra
 15109 | D:13     | Noticed Lodul
 15115 | D:13     | Noticed a centaur warrior
 15131 | D:13     | Killed a centaur warrior
 15139 | D:13     | Killed Lodul
 15174 | D:13     | Reached skill level 13 in Invocations
 15435 | D:13     | Found a shimmering blue altar of Sif Muna.
 15461 | D:13     | Noticed a five-headed hydra
 15465 | D:13     | Banished a five-headed hydra
 15874 | D:13     | Noticed a centaur warrior
 15891 | D:13     | Killed a centaur warrior
 16029 | D:13     | Noticed a centaur warrior
 16040 | D:13     | Killed a centaur warrior
 16141 | D:13     | Noticed a centaur warrior
 16144 | D:13     | Found a gate to the Vaults.
 16144 | D:13     | Noticed a yaktaur captain
 16157 | D:13     | Killed a centaur warrior
 16168 | D:13     | Killed a yaktaur captain
 16461 | D:14     | Noticed a centaur warrior
 16469 | D:14     | Killed a centaur warrior
 16509 | D:14     | Reached XP level 13. HP: 30/106 MP: 2/22
 16516 | D:14     | Killed from afar by a meliai

Illustrated notes

Levels and vault maps discovered:
D:1:      dpeg_arrival_rhombus, layout_basic, serial_shops,
          nicolae_shop_overgrown_old_shop, minmay_misc_feat_tower,
          minmay_octomino_j4
D:2:      layout_loops_cross, serial_bayou_lagoon_a, kennysheep_doodads,
          corexii_shack, corexii_corridor_pit, uniq_jessica
D:3:      layout_basic, okawaru_trees_2, nicolae_overflow_hidden_temple,
          shapermc_ecumenical_altar_mp_urbaneastern, ebering_ghost_sewer_d,
          minmay_misc_feat_square, grunt_decor_arrowhead, minmay_pentangle
D:4:      layout_basic, nzn_wu_jian_contemplation, general_overflow_altar,
          minmay_temple_entry_gardened_gates, serial_shops, shop_fountains,
          serial_glass, glass_columns_b, glass_columns_b
D:5:      layout_loops_corners, mainiacjoe_overflow_alcove_1,
          minmay_fountain_box, dilly_guarded_unrand_throatcut
D:6:      layout_cave_pools, serial_bayou_lagoon_b, uniq_sigmund, uniq_menkaure
D:7:      layout_loops_ring, serial_shops, kennysheep_little_box, uniq_joseph
D:8:      layout_layer_cave, enter_bailey_5, uniq_erica, uniq_pikel,
          uniq_maggie, uniq_maurice
D:9:      layout_roguey, gammafunk_ghost_arena, serial_shops,
          nicolae_shop_overgrown_old_shop
D:10:     layout_roguey, erik_lair_island, minmay_ruffians, uniq_psyche
D:11:     layout_irregular_city, david_orc_2, serial_bayou,
          serial_bayou_shore_b, serial_bayou_crossing, serial_bayou_shore_b,
          serial_bayou_pond_e, uniq_erolcha
D:12:     minmay_connected_triangles_in_corner, layout_loops_ring
D:13:     layout_basic, david_vaults_2, led_sif_pool, uniq_lodul
D:14:     layout_loops_ring, hangedman_decor_peaks_small, kb_rosetta

Skill      XL: |  1  2  3  4  5  6  7  8  9 10 11 12 13 |
---------------+----------------------------------------+-----
Dodging        | 1 2 3 4 5 6 7 |  7.6
Short Blades   | 2 3 4 |  4.6
Armour         | 2 3 4 5 6 7 8 |  8.6
Invocations    | 3 4 5 7 9 11 12 13 | 13.3
Fighting       | 4 5 6 7 8 10 11 | 11.3
Long Blades    | 1 4 6 7 8 9 |  9.0
Shields        | 1 3 |  3.2

Action                   |  1- 3 |  4- 6 |  7- 9 | 10-12 | 13-15 || total
-------------------------+-------+-------+-------+-------+-------++-------
Melee: Short sword       |   178 |   216 |   148 |       |       ||   542
       Tailslap          |       |    23 |    84 |    86 |       ||   193
       Punch             |       |     3 |     5 |       |       ||     8
       Dagger            |       |       |   259 |       |       ||   259
       Long sword        |       |       |   127 |   469 |     4 ||   600
Invok: Banish            |     1 |     1 |       |     8 |       ||    10
       Bend Space        |       |       |     1 |     1 |     1 ||     3
       Depart the Abyss  |       |       |       |     2 |       ||     2
Evoke: Wand              |       |       |    14 |    32 |       ||    46
       Phantom mirror    |       |       |       |     1 |       ||     1
  Use: Scroll            |       |     6 |    10 |    12 |       ||    28
       Potion            |       |       |     3 |     2 |       ||     5
 Stab: Sleeping          |     2 |     6 |     6 |     1 |       ||    15
Armor: Leather armour    |    63 |       |       |       |       ||    63
       Ring mail         |    33 |    60 |   169 |   234 |     6 ||   502
Dodge: Dodged            |    98 |   177 |   395 |   351 |     3 ||  1024
Block: Tower shield      |       |       |       |   489 |    10 ||   499
